Map: Abyssal Reef LE

Players

uThermal - Winner!

  • Race: Terran Terran
  • Spawn Location: 5:00

Multi

  • Race: Protoss Protoss
  • Spawn Location: 11:00

Event: WCS Jonkoping 2017

VOD

Have the link to the VOD?

Description

Time

  • Played on: June 17, 2017, 7:25 a.m.
  • Length: 11:03

All games in this series

Show
View Real Time Build Order
Export as new Build Order

uThermal Terran - Winner!

Build Orders: Reaper Expand, MMM Bio 

Get SALT Encoding   

  12  0:01  SCV  
  13  0:14  SCV  
  14  0:17  Supply Depot  
  14  0:26  SCV  
  14  0:27  Refinery  
  15  0:38  SCV  
  16  0:44  Barracks  
  16  0:50  SCV  
  17  1:02  SCV  
  18  1:15  SCV  
  19  1:31  Orbital Command, Reaper  
  20  1:44  Command Center  
  20  1:54  Factory  
  20  1:57  SCV  
  21  2:04  Barracks Reactor  
  21  2:09  SCV  
  21  2:13  Supply Depot  
  22  2:16  Refinery  
  22  2:21  SCV  
  23  2:35  SCV  
  24  2:41  Marine x2, Starport  
  26  2:46  Widow Mine  
  26  2:47  SCV  
  29  2:56  Orbital Command  
  29  2:59  SCV, Marine  
  29  3:00  Marine  
  32  3:11  SCV  
  32  3:16  Factory Tech Lab  
  32  3:17  Marine x2  
  32  3:19  Viking  
  36  3:22  SCV  
  36  3:25  SCV  
  38  3:30  Supply Depot  
  38  3:34  SCV  
  38  3:36  Marine x2  
  38  3:37  SCV  
  42  3:45  Supply Depot  
  42  3:46  Siege Tank  
  42  3:47  SCV  
  46  3:52  SCV  
  46  3:55  Viking  
  49  3:58  Marine x2  
  49  4:01  SCV  
  52  4:04  SCV  
  52  4:07  Supply Depot  
  53  4:16  Marine x2  
  55  4:18  Siege Tank, SCV x2  
  60  4:25  Viking  
  60  4:27  Supply Depot  
  62  4:34  Marine x2, Supply Depot  
  62  4:35  SCV  
  62  4:38  SCV  
  66  4:47  SCV  
  66  4:50  Siege Tank, SCV  
  66  4:52  Marine x2  
  73  4:56  Viking  
  73  4:59  SCV  
  76  5:02  SCV  
  76  5:05  Barracks  
  76  5:06  Barracks  
  77  5:10  Marine, Engineering Bay  
  77  5:11  Refinery  
  77  5:12  SCV  
  79  5:15  Marine, SCV  
  77  5:24  SCV  
  77  5:28  Marine, SCV, Starport Tech Lab  
  79  5:31  Supply Depot  
  79  5:33  Marine  
  79  5:34  Factory Reactor  
  81  5:36  SCV  
  81  5:40  SCV  
  83  5:48  Marine, SCV  
  85  5:51  Command Center  
  85  5:52  SCV  
  85  5:56  Marine  
  87  6:00  SCV  
  87  6:04  SCV  
  87  6:10  Marine  
  76  6:12  SCV  
  72  6:21  SCV  
  72  6:23  Barracks  
  72  6:24  Barracks  
  67  6:26  Starport Reactor  
  67  6:27  Stimpack, Marine, Combat Shields, Widow Mine x2  
  67  6:28  Marauder x2  
  67  6:31  SCV  
  67  6:32  Refinery  
  71  6:36  Supply Depot  
  71  6:37  Supply Depot  
  71  6:38  Marine  
  71  6:39  Supply Depot  
  72  6:40  SCV  
  72  6:43  SCV  
  72  6:45  Marine  
  73  6:49  Marauder x2  
  73  6:52  SCV  
  73  6:53  Missile Turret  
  76  6:55  SCV, Missile Turret  
  73  7:04  SCV  
  73  7:06  Marine x2  
  75  7:10  Marine, Medivac  
  75  7:11  Marauder  
  75  7:13  Barracks Reactor, Barracks Tech Lab  
  75  7:14  SCV  
  80  7:20  SCV  
  79  7:23  Medivac  
  79  7:24  Widow Mine  
  79  7:25  Widow Mine, Terran Infantry Weapons Level 1  
  79  7:27  Marine x2  
  87  7:31  Orbital Command  
  87  7:33  SCV  
  87  7:34  SCV, Marine  
  87  7:35  Marine x2  
  92  7:42  Bunker  
  91  7:45  Marine x2, Medivac, SCV  
  96  7:51  Missile Turret  
  96  7:53  Marine, Medivac  
  96  7:54  Marauder, Concussive Shells  
  96  7:56  SCV x2  
  96  7:57  SCV  
  96  7:58  Widow Mine  
  106  7:59  Widow Mine  
  106  8:05  Supply Depot  
  108  8:06  Marine  
  108  8:07  Marine  
  108  8:08  Marine, Supply Depot  
  108  8:10  Supply Depot  
  111  8:15  Marine x3  
  111  8:16  Supply Depot  
  111  8:17  Supply Depot  
  114  8:20  Missile Turret  
  114  8:23  Marine  
  114  8:24  Marine  
  114  8:25  Marine  
  114  8:26  Marine, Missile Turret  
  118  8:27  Missile Turret  
  118  8:29  Widow Mine x2  
  118  8:33  Marine  
  123  8:34  Marine  
  123  8:35  Marauder  
  123  8:41  Liberator x2, Marine  
  126  8:42  Barracks  
  126  8:44  Barracks  
  126  8:46  Marine, Barracks  
  128  8:53  Marauder, Marine  
  133  8:56  Marauder  
  133  9:02  Supply Depot  
  137  9:03  Supply Depot  
  137  9:04  Engineering Bay, Armory  
  137  9:06  Marine x2  
  139  9:12  Marauder, Marine  
  139  9:15  Marine  
  139  9:16  Marauder  
  143  9:17  Marine  
  143  9:24  Marine, Widow Mine x2  
  144  9:28  Marine  
  144  9:29  Liberator, Supply Depot  
  144  9:30  Marine, Supply Depot  
  151  9:33  Liberator  
  151  9:34  Marauder  
  151  9:35  Barracks Reactor, Barracks Tech Lab x2  
  151  9:38  Marine x2  
  153  9:39  Marauder  
  157  9:46  Ghost Academy  
  163  9:57  Marine x3  
  166  10:00  Marine x2  
  170  10:13  Marine x2  
  171  10:14  Marine  
  171  10:18  Marauder, Ghost x3  
  175  10:27  Ghost  
  175  10:32  Marine  
  174  10:40  Marauder  
  174  10:42  Marine  
  162  10:45  Marine  
Show
View Real Time Build Order
Export as new Build Order

Multi Protoss 

Build Orders: 1 Gate Expand, Oracle Opening, Phoenix Opening 

Get SALT Encoding   

  12  0:01  Probe (Chrono Boost)  
  13  0:11  Probe (Chrono Boost)  
  14  0:17  Pylon  
  14  0:22  Probe (Chrono Boost)  
  16  0:35  Probe (Chrono Boost)  
  16  0:36  Gateway  
  16  0:45  Assimilator  
  16  0:46  Probe (Chrono Boost)  
  17  0:56  Probe (Chrono Boost)  
  18  1:07  Probe (Chrono Boost)  
  19  1:20  Nexus  
  19  1:30  Cybernetics Core  
  19  1:34  Probe (Chrono Boost)  
  20  1:43  Assimilator  
  20  1:45  Probe (Chrono Boost)  
  21  1:50  Pylon  
  21  1:55  Probe (Chrono Boost)  
  22  2:05  Probe (Chrono Boost)  
  23  2:08  Adept (Chrono Boost)  
  25  2:16  Stargate  
  25  2:18  Probe  
  26  2:23  Warp Gate  
  26  2:30  Probe  
  26  2:32  Probe, Adept (Chrono Boost)  
  30  2:42  Probe  
  30  2:43  Probe  
  32  2:53  Probe  
  32  2:54  Probe  
  36  2:59  Oracle (Chrono Boost)  
  36  3:04  Probe  
  37  3:10  Probe  
  39  3:13  Adept  
  39  3:14  Probe  
  42  3:20  Pylon  
  42  3:22  Probe  
  42  3:26  Probe  
  43  3:31  Phoenix (Chrono Boost)  
  46  3:38  Probe  
  46  3:39  Gateway  
  46  3:40  Gateway  
  47  3:42  Probe  
  48  3:50  Probe  
  48  3:52  Probe  
  48  3:55  Phoenix (Chrono Boost)  
  52  4:00  Pylon  
  52  4:03  Probe x2  
  54  4:16  Nexus  
  54  4:18  Phoenix (Chrono Boost)  
  56  4:26  Mothership Core  
  56  4:27  Probe  
  56  4:30  Assimilator  
  59  4:33  Assimilator  
  59  4:36  Pylon  
  59  4:40  Phoenix (Chrono Boost)  
  59  4:45  Pylon  
  61  4:53  Probe  
  61  4:54  Probe  
  61  4:57  Adept x3  
  69  5:05  Phoenix (Chrono Boost)  
  71  5:22  Adept x3  
  71  5:26  Pylon, Phoenix (Chrono Boost)  
  71  5:28  Probe x2, Pylon  
  77  5:29  Pylon, Probe  
  77  5:31  Pylon  
  80  5:41  Probe  
  81  5:42  Probe  
  81  5:46  Adept x3  
  85  5:51  Phoenix (Chrono Boost)  
  85  5:55  Probe  
  85  6:03  Probe  
  79  6:06  Probe  
  79  6:07  Probe  
  69  6:12  Adept  
  69  6:13  Probe, Adept  
  69  6:17  Probe  
  65  6:20  Probe  
  65  6:24  Probe, Adept  
  65  6:27  Probe  
  65  6:32  Probe  
  65  6:34  Probe  
  65  6:38  Probe  
  67  6:41  Twilight Council  
  67  6:42  Forge  
  67  6:44  Probe  
  67  6:45  Probe  
  71  6:47  Phoenix (Chrono Boost)  
  71  6:53  Probe  
  71  6:56  Probe  
  71  6:59  Probe  
  74  7:04  Probe  
  74  7:08  Probe, Phoenix (Chrono Boost)  
  78  7:09  Probe, Adept  
  78  7:10  Pylon  
  78  7:11  Resonating Glaives  
  78  7:12  Pylon  
  81  7:18  Protoss Ground Weapons Level 1 (Chrono Boost)  
  81  7:23  Probe  
  82  7:30  Phoenix  
  82  7:31  Robotics Facility  
  84  7:37  Probe x2  
  84  7:38  Assimilator  
  84  7:42  Probe  
  84  7:44  Adept x3  
  91  7:49  Probe x2  
  95  7:51  Mothership Core  
  97  8:00  Gateway  
  97  8:01  Probe  
  97  8:02  Gateway  
  97  8:04  Gateway  
  97  8:05  Sentry x2  
  100  8:07  Probe  
  100  8:08  Assimilator  
  100  8:11  Probe  
  104  8:13  Probe  
  104  8:18  Observer (Chrono Boost)  
  104  8:19  Sentry  
  108  8:23  Probe  
  108  8:26  Pylon  
  109  8:28  Phoenix  
  111  8:35  Adept x2  
  111  8:38  Immortal (Chrono Boost)  
  119  8:53  Phoenix  
  119  8:55  Stalker x2  
  123  8:56  Stalker  
  127  9:05  Pylon  
  127  9:06  Pylon  
  127  9:18  Phoenix  
  127  9:19  Stalker x2  
  127  9:24  Immortal (Chrono Boost)  
  128  9:33  Stalker x2  
  128  9:34  Stalker  
  134  9:46  Photon Cannon  
  134  9:50  Photon Cannon  
  134  9:54  Nexus  
  134  9:56  Pylon  
  134  10:04  Adept x5  
  134  10:05  Adept  
  149  10:07  Immortal (Chrono Boost)  
  149  10:18  Pylon  
  149  10:19  Robotics Bay  
  149  10:25  Adept  
  137  10:30  Adept  
  123  10:36  Adept x5  
  97  10:51  Adept  
  83  10:58  Stalker x5  
Tags
 
Add a new tag
Caveats
  • Supply blocks, unpowered buildings, or Contaminate may cause inaccurate times.
  • Supply counts are checked every 10 seconds.